 Dungeon Crawl Stone Soup version 0.22.1-1-ga44c0e5 (webtiles) character file.

9353 Iscandelvey the Thaumaturge (level 11, -3/74 HPs)
             Began as a Demigod Wizard on Oct 2, 2018.
             Slain by Urug
             ... wielding a +7 glaive of venom
              (20 damage)
             ... on level 1 of the Orcish Mines.
             The game lasted 01:26:19 (17058 turns).

Iscandelvey the Thaumaturge (Demigod Wizard)       Turns: 17058, Time: 01:26:20

Health: -3/74      AC:  5    Str: 10    XL:     11   Next: 2%
Magic:  44/44      EV: 13    Int: 34    God:
Gold:   463        SH:  0    Dex: 14    Spells: 8/30 levels left

rFire    . . .     SeeInvis .   A - staff of power
rCold    . . .     Gourm    +   (no shield)
rNeg     + . .     Faith    .   b - +0 leather armour {rN+}
rPois    .         Spirit   .   S - +0 helmet (curse)
rElec    .         Reflect  .   y - +0 cloak
rCorr    .         Harm     .   (no gloves)
MR       +....                  (no boots)
Stlth    ++........             M - amulet of the gourmand
HPRegen  0.22/turn              x - +6 ring of intelligence
MPRegen  0.29/turn              (no ring)

@: no status effects
A: high mp 1
a: no special abilities


You were on level 1 of the Orcish Mines.
You were completely stuffed.

You visited 2 branches of the dungeon, and saw 12 of its levels.

You collected 775 gold pieces.
You spent 312 gold pieces at shops.

Inventory:

Hand Weapons
 c - a +0 dagger of draining
 r - a +5 club
 s - a +1 antimagic whip
 u - a +1 trident of venom
 w - a +2 whip of electrocution
 D - a +2 dagger of venom
 G - a +0 shortbow
 I - a cursed +0 scimitar
Missiles
 H - 84 arrows
Armour
 a - a +0 robe
 b - a +0 leather armour of positive energy (worn)
 y - a +0 cloak (worn)
 F - a +1 hat
 Q - a +0 buckler
 S - a cursed +0 helmet (worn)
Magical Staves
 A - an uncursed staff of power (weapon)
Jewellery
 x - a +6 ring of intelligence (left hand)
 M - an amulet of the gourmand (around neck)
 T - a cursed ring of teleportation {unknown}
Wands
 i - a wand of iceblast (10)
 o - a wand of flame (59)
 q - a wand of enslavement (5)
 E - a wand of clouds (6)
 L - a wand of paralysis (25)
Scrolls
 e - 4 scrolls of magic mapping
 f - 8 scrolls of identify
 g - 3 scrolls of enchant weapon {unknown}
 h - 5 scrolls of remove curse
 j - 4 scrolls of fog {unknown}
 l - 4 scrolls of teleportation {unknown}
 m - 4 scrolls of immolation {unknown}
 v - a scroll of random uselessness {unknown}
 z - 2 scrolls of enchant armour {unknown}
 N - 2 scrolls of blinking {unknown}
 O - a scroll of fear {unknown}
 P - a scroll of acquirement {unknown}
 R - a scroll of vulnerability {unknown}
 W - a scroll of silence {unknown}
Potions
 k - a potion of ambrosia {unknown}
 n - 2 potions of mutation {unknown}
 p - 2 potions of curing {unknown}
 t - 2 potions of flight {unknown}
 B - a potion of haste {unknown}
 C - 5 potions of brilliance
 J - a potion of magic {unknown}
 K - a potion of invisibility {unknown}
 U - a potion of might {unknown}
Comestibles
 d - 28 rations
 V - 6 chunks of flesh


   Skills:
 - Level 1.9 Maces & Flails
 + Level 2.5 Armour
 + Level 3.3 Dodging
 + Level 3.2 Stealth
 * Level 10.3 Spellcasting
 * Level 9.5 Conjurations
 + Level 1.8 Summonings
 + Level 2.0 Translocations
 + Level 1.1 Fire Magic
 + Level 3.5 Ice Magic
 + Level 0.2 Air Magic
 + Level 0.3 Poison Magic
 + Level 0.4 Evocations


You had 8 spell levels left.
You knew the following spells:

 Your Spells              Type           Power        Failure   Level  Hunger
a - Magic Dart            Conj           ####         1%          1    None
b - Blink                 Tloc           N/A          2%          2    None
c - Call Imp              Summ           ####....     2%          2    None
d - Conjure Flame         Conj/Fire      ######..     1%          3    None
e - Mephitic Cloud        Conj/Pois/Air  #####...     2%          3    None
f - Vampiric Draining     Necr           ###.......   10%         3    None
g - Regeneration          Chrm/Necr      ###.......   10%         3    None
h - Freeze                Ice            ####         1%          1    None
i - Throw Icicle          Conj/Ice       ######..     2%          4    None

Your spell library contained the following spells:

 Spells                   Type           Power        Failure   Level  Hunger
 Apportation              Tloc           ####..       1%          1    None
 Summon Small Mammal      Summ           ####         1%          1    None
 Throw Frost              Conj/Ice       ######       1%          2    None
 Animate Skeleton         Necr           N/A          3%          1    None
 Confusing Touch          Hex            ###...       3%          1    None
 Pain                     Necr           ###.         3%          1    None
 Slow                     Hex            ###.....     4%          2    None
 Gell's Gravitas          Tloc           ####......   4%          3    None
 Ozocubu's Armour         Chrm/Ice       ####....     4%          3    None
 Confuse                  Hex            ###.....     10%         3    None
 Summon Ice Beast         Ice/Summ       #####...     11%         4    None
 Animate Dead             Necr           N/A          32%         4    None
 Petrify                  Tmut/Erth      ###.....     32%         4    None
 Metabolic Englaciation   Hex/Ice        ####......   41%         5    ##.....
 Yara's Violent Unravell  Hex/Tmut       ###.......   67%         5    ##.....


Dungeon Overview and Level Annotations

Branches:
Dungeon (11/15)            Temple (0/1) D:4            Lair (0/6) D:10
    Orc (1/2) D:9

Shops:
D:7 [

Annotations:
Orc:1 Urug


Innate Abilities, Weirdness & Mutations

You have an increased reservoir of magic. (+10% MP)


Message History

Magic restored.
You start resting.
Eating one of 7 chunks of flesh.
You eat one of the 7 chunks of flesh.
This raw flesh tastes great.
HP restored.
You climb downwards.
Welcome back to the Orcish Mines!
Level annotation: Urug The warg bites you!
The orc misses you.
Urug hits you from afar with a glaive of venom!!!
Ouch! That really hurt!
The orc hits you but does no damage. The warg bites you.
* * * LOW HITPOINT WARNING * * *
The orc hits you with a hand axe.
* * * LOW HITPOINT WARNING * * *
An orc comes into view. It is wielding a whip.
The orc shouts!
You hear a shout! x3
There is a staircase back to the Dungeon, spattered with blood here.
You see here 4 javelins.
Urug hits you from afar with a glaive of venom!!
You die...

.#....# ...###
.......#.....##
..............
. .......$...
...........###
....#........##
.....oo.......#
......h@o....#
......o.($....#
...>.o$...#...#
....$.....# .##
....$.....#
o$........#
...........
............


You could see Urug, a warg, an orc warrior and 4 orcs.

Vanquished Creatures
  A hydra (D:11)
  3 two-headed ogres
  Psyche (D:9)
  A wyvern (D:11)
  4 hogs (D:7)
  A human (D:7)
  2 wargs (D:9)
  An acid dragon (D:11)
  4 black bears
  2 porcupines (D:10)
  3 orc warriors
  3 sky beasts
  An eye of draining (D:3)
  A necrophage (D:8)
  3 ice beasts
  3 centaurs
  A phantom (D:9)
  4 ogres
  A wolf (D:10)
  4 crocodiles (D:10)
  A big kobold (D:11)
  4 bullfrogs
  A gnoll sergeant (D:9)
  6 scorpions
  5 killer bees
  A water moccasin skeleton (D:9)
  2 vampire bats (D:6)
  A howler monkey (D:5)
  An electric eel (D:10)
  3 jellies
  2 quasits
  A bullfrog zombie (D:9)
  2 centaur zombies
  5 crimson imps
  4 hounds
  9 orc priests
  2 bullfrog skeletons
  Ijyb (D:2)
  4 iguanas
  11 orc wizards
  4 worker ants
  A killer bee zombie (D:9)
  A hound skeleton (D:11)
  A worker ant zombie (D:5)
  6 gnolls
  14 adders
  A shadow imp (D:8)
  An adder zombie (D:8)
  3 adder skeletons
  2 worms
  3 dart slugs (D:1)
  2 leopard geckos
  32 orcs
  3 giant cockroaches
  9 goblins
  6 hobgoblins
  14 jackals
  6 quokkas
  14 bats
  6 frilled lizards
  A jackal zombie (D:6)
  8 kobolds
  7 rats
  A fungus (D:6)
256 creatures vanquished.

Vanquished Creatures (collateral kills)
  A centaur skeleton (D:4)
  A kobold (D:11)
2 creatures vanquished.

Vanquished Creatures (others)
  2 fungi (D:10)
  4 plants (D:10)
6 creatures vanquished.

Grand Total: 264 creatures vanquished

Notes
Turn   | Place    | Note
-------+----------+-------------------------------------------
     0 | D:1      | Iscandelvey the Demigod Wizard began the quest for the Orb.
     0 | D:1      | Reached XP level 1. HP: 14/14 MP: 6/6
    21 | D:1      | Reached skill level 3 in Spellcasting
   423 | D:1      | Reached XP level 2. HP: 18/20 MP: 8/8
   978 | D:1      | Reached skill level 1 in Conjurations
  1398 | D:2      | Learned a level 2 spell: Blink
  1401 | D:2      | Learned a level 2 spell: Call Imp
  1422 | D:2      | Reached XP level 3. HP: 23/26 MP: 5/10
  1728 | D:2      | Found a sacrificial altar of Ru.
  2042 | D:2      | Found a blossoming altar of Fedhas.
  2150 | D:2      | Found a stormy altar of Qazlal.
  2153 | D:2      | Reached XP level 4. HP: 33/33 MP: 5/12
  2159 | D:2      | Found an iron altar of Okawaru.
  2162 | D:2      | Found an ancient bone altar of Kikubaaqudgha.
  2163 | D:2      | Found a shattered altar of Ashenzari.
  2452 | D:3      | Reached skill level 4 in Spellcasting
  2967 | D:3      | Noticed Ijyb
  3341 | D:2      | Killed Ijyb
  3587 | D:3      | Learned a level 3 spell: Conjure Flame
  3591 | D:3      | Learned a level 3 spell: Mephitic Cloud
  3670 | D:3      | Found a bloodstained altar of Trog.
  3670 | D:3      | Noticed an eye of draining
  3693 | D:3      | Reached XP level 5. HP: 38/38 MP: 10/14
  3758 | D:3      | Killed an eye of draining
  3758 | D:3      | Reached skill level 1 in Summonings
  3758 | D:3      | Reached skill level 1 in Translocations
  4439 | D:4      | Found a white marble altar of Elyvilon.
  4575 | D:4      | Reached XP level 6. HP: 41/45 MP: 16/16
  4855 | D:4      | Found a hazy altar of Hepliaklqana.
  4921 | D:4      | Reached skill level 1 in Maces & Flails
  4921 | D:4      | Reached skill level 5 in Spellcasting
  5182 | D:4      | Found a staircase to the Ecumenical Temple.
  5749 | D:5      | Entered Level 5 of the Dungeon
  6089 | D:5      | Reached XP level 7. HP: 30/50 MP: 0/18
  7562 | D:5      | Learned a level 3 spell: Vampiric Draining
  7566 | D:5      | Learned a level 3 spell: Regeneration
  7601 | D:6      | Reached skill level 6 in Spellcasting
  7791 | D:6      | Reached XP level 8. HP: 57/57 MP: 21/21
  8037 | D:6      | Reached skill level 1 in Fire Magic
  8636 | D:7      | Reached skill level 5 in Conjurations
  9045 | D:7      | Reached skill level 7 in Spellcasting
  9190 | D:7      | Found Doatuyfi's Antique Armour Emporium.
  9378 | D:7      | Bought a runed hat for 182 gold pieces
  9391 | D:7      | Bought a glowing leather armour for 130 gold pieces
  9438 | D:7      | Reached XP level 9. HP: 57/62 MP: 24/24
 10217 | D:8      | Learned a level 1 spell: Freeze
 10222 | D:8      | Learned a level 4 spell: Throw Icicle
 10338 | D:8      | Found an iron altar of Okawaru.
 10618 | D:9      | Found a glowing silver altar of Zin.
 10619 | D:9      | Found an opulent altar of Gozag.
 10764 | D:9      | Noticed a two-headed ogre
 10772 | D:9      | Killed a two-headed ogre
 10772 | D:9      | Reached skill level 1 in Armour
 10772 | D:9      | Reached skill level 8 in Spellcasting
 10772 | D:9      | Reached skill level 1 in Ice Magic
 11046 | D:9      | Noticed Psyche
 11087 | D:8      | Found a snail-covered altar of Cheibriados.
 11213 | D:9      | Killed Psyche
 12242 | D:8      | Found a hide-covered altar of Uskayaw.
 12322 | D:8      | Reached XP level 10. HP: 69/69 MP: 26/27
 12937 | D:9      | Found a blossoming altar of Fedhas.
 13018 | D:9      | Found a staircase to the Orcish Mines.
 13043 | D:9      | Found a roughly hewn altar of Beogh.
 13278 | D:10     | Entered Level 10 of the Dungeon
 13392 | D:10     | Reached skill level 9 in Spellcasting
 13816 | D:10     | Noticed a two-headed ogre
 13822 | D:10     | Killed a two-headed ogre
 14237 | D:10     | Found a staircase to the Lair.
 14685 | D:10     | You fall through a shaft!
 14754 | D:11     | HP: 3/69 [acid (9)]
 15152 | D:11     | Noticed a two-headed ogre
 15178 | D:11     | Killed a two-headed ogre
 15178 | D:11     | Reached skill level 10 in Spellcasting
 15414 | D:11     | Noticed an eight-headed hydra
 15419 | D:11     | Killed an eight-headed hydra
 16467 | Orc:1    | Entered Level 1 of the Orcish Mines
 16467 | Orc:1    | Noticed Urug
 16471 | D:9      | Reached XP level 11. HP: 51/74 MP: 29/29
 17058 | Orc:1    | Slain by Urug

Skill      XL: |  1  2  3  4  5  6  7  8  9 10 |
---------------+-------------------------------+-----
Spellcasting   | 3 4 5 6 7 8 10 | 10.3
Stealth        | 2 3 |  3.2
Dodging        | 2 3 |  3.3
Conjurations   | 1 2 3 4 6 8 9 |  9.5
Summonings     | 1 |  1.8
Translocations | 1 2 |  2.0
Maces & Flails | 1 |  1.9
Fire Magic     | 1 |  1.1
Armour         | 2 |  2.5
Ice Magic      | 2 3 |  3.5
Air Magic      | |  0.2
Poison Magic   | |  0.3
Evocations     | |  0.4

Action                   |  1- 3 |  4- 6 |  7- 9 | 10-12 || total
-------------------------+-------+-------+-------+-------++-------
Melee: Dagger            |    15 |     8 |       |       ||    23
       Unarmed           |     4 |       |       |       ||     4
       Club              |       |    55 |    25 |       ||    80
       Staff             |       |       |    28 |     3 ||    31
 Cast: Magic Dart        |    91 |   135 |   329 |   154 ||   709
       Call Imp          |       |     6 |     2 |     8 ||    16
       Blink             |       |     8 |    10 |     6 ||    24
       Conjure Flame     |       |     4 |    22 |     8 ||    34
       Mephitic Cloud    |       |       |     4 |     3 ||     7
       Throw Icicle      |       |       |    46 |    51 ||    97
       Freeze            |       |       |     9 |    41 ||    50
       Vampiric Draining |       |       |       |     1 ||     1
Evoke: Wand              |       |       |     5 |     6 ||    11
  Use: Scroll            |       |       |     4 |       ||     4
       Potion            |       |       |       |     3 ||     3
 Stab: Sleeping          |     3 |     5 |     1 |       ||     9
  Eat: Chunk             |     4 |    11 |    20 |    21 ||    56
       Ration            |       |       |     1 |       ||     1
Armor: Robe              |     8 |     5 |     7 |       ||    20
       Leather armour    |       |       |     6 |    25 ||    31
       Skin              |       |       |     6 |       ||     6
Dodge: Dodged            |    22 |    47 |    76 |   103 ||   248
